 Dungeon Crawl Stone Soup version 0.31-a0-1068-g5939ac1fb6 (webtiles) character file.

Game seed: 15430465900735784599

1642 Capuchin the Slasher (level 8, 0/59 (62) HPs)
             Began as a Minotaur Fighter on Nov 24, 2023.
             Was a Believer of Hepliaklqana.
             Slain by a wight
             ... wielding a +3 halberd of freezing
              (2 damage)
             ... on level 6 of the Dungeon.
             The game lasted 00:12:43 (5735 turns).

Capuchin the Slasher (Minotaur Fighter)             Turns: 5735, Time: 00:12:43

HP:   0/59 (62)     AC: 15    Str: 23    XL:     8   Next: 67%
MP:   7/7           EV:  7    Int:  5    God:    Hepliaklqana [**....]
Gold: 312           SH:  5    Dex: 10    Spells: 7/7 levels left

rFire   . . .        s - +2 flail (holy)
rCold   . . .        c - +0 buckler
rNeg    . . .        g - +0 plate armour
rPois   .            (helmet restricted)
rElec   .            j - +1 cloak
rCorr   .            (no gloves)
SInv    .            (no boots)
Will    .....        (no amulet) Stlth
                     (no ring)
HPRegen 0.29/turn    (no ring)
MPRegen 0.10/turn

%: no passive effects
@: lightly drained
A: reduced essence, horns 2, retaliatory headbutt
a: Renounce Religion, Ancestor Life: Knight, Ancestor Life: Battlemage, Ancestor
Life: Hexer, Recall Ancestor, Ancestor Identity


You were on level 6 of the Dungeon.
You worshipped Hepliaklqana.
Hepliaklqana was pleased with you.
You visited 2 branches of the dungeon, and saw 8 of its levels.

You collected 312 gold pieces.

Inventory:

Hand Weapons
 a - a +0 long sword
 q - a +0 heavy long sword
 s - a +2 flail of holy wrath (weapon)
 w - a +0 demon whip
Missiles
 r - 2 throwing nets
Armour
 b - a +0 scale mail
 c - a +0 buckler (worn)
 g - a +0 plate armour (worn)
 j - a +1 cloak (worn)
 t - a +0 hat
Wands
 k - a wand of charming (4)
Scrolls
 e - 2 scrolls of fog {unknown}
 i - 3 scrolls of identify {unknown}
 l - 3 scrolls of blinking {unknown}
 m - a scroll of silence {unknown}
 p - a scroll of enchant weapon {unknown}
 v - a scroll of fear {unknown}
 x - a scroll of noise {unknown}
Potions
 d - a potion of might
 f - a potion of berserk rage {unknown}
 h - 2 potions of invisibility {unknown}
 n - 2 potions of enlightenment {unknown}
 o - 3 potions of curing {unknown}
 u - a potion of attraction {unknown}


   Skills:
 + Level 5.4 Fighting
 + Level 7.9 Long Blades
 + Level 5.5 Maces & Flails
 + Level 7.6 Armour
 + Level 1.1 Dodging
 + Level 0.2 Stealth
 + Level 5.7 Shields


You had 7 spell levels left.
You didn't know any spells.
Your spell library contained the following spells:

 Spells                   Type           Power      Damage    Failure   Level
 Summon Small Mammal      Summ           0%         N/A       100%        1
 Cigotuvi's Dreadful Rot  Necr/Pois/Air  0%         N/A       100%        2
 Sublimation of Blood     Necr           0%         N/A       100%        2
 Wereblood                Tmut           0%         N/A       100%        2
 Call Canine Familiar     Summ           0%         N/A       100%        3
 Summon Guardian Golem    Hex/Summ       0%         N/A       100%        3
 Summon Forest            Summ/Tloc      0%         N/A       100%        5
 Eringya's Noxious Bog    Tmut/Pois      0%         4d6       100%        6
 Summon Hydra             Summ           0%         N/A       100%        7


Dungeon Overview and Level Annotations

Branches:
Dungeon (7/15)             Temple (1/1) D:5

Altars:
Ashenzari
Cheibriados
Dithmenos
Fedhas
Gozag
Hepliaklqana
Kikubaaqudgha
Makhleb
Nemelex Xobeh
Ru
Sif Muna
Trog
Vehumet
Wu Jian
Xom
Yredelemnul
Zin
The Shining One


Innate Abilities, Weirdness & Mutations

Your life essence is reduced to manifest your ancestor. (-10% HP)
You have a pair of horns on your head.
You reflexively headbutt those who attack you in melee.


Message History

The wight hits you but does no damage. The wight barely misses you.
The wight attacks as it pursues you! The wight hits you but does no damage.
You sock the wight!
The wight convulses!
You destroy the wight!
The wight barely misses you.
The wight hits you from afar with a +3 halberd of freezing.
You feel drained. The wight freezes you.
You barely miss the ice beast.
The ice beast hits you but does no damage.
The wight barely misses you.
You barely miss the ice beast. The ice beast barely misses you.
The wight hits you from afar with a +3 halberd of freezing!
You feel drained. The wight freezes you.
You thump the ice beast! You headbutt the ice beast!
The ice beast is severely wounded.
The ice beast hits you but does no damage.
You block the wight's attack.
You barely miss the ice beast.
The ice beast is severely wounded.
The ice beast barely misses you. The wight closely misses you.
You hit the ice beast but do no damage.
The ice beast is severely wounded.
The ice beast hits you but does no damage.
You block the wight's attack.
The ice beast hits you but does no damage.
You hit the ice beast.
The ice beast is severely wounded.
The wight hits you from afar with a +3 halberd of freezing.
* * * LOW HITPOINT WARNING * * *
The wight freezes you.
* * * LOW HITPOINT WARNING * * *
The ice beast hits you.
* * * LOW HITPOINT WARNING * * *
The ice beast freezes you!
* * * LOW HITPOINT WARNING * * *
You hit the ice beast but do no damage.
The ice beast is severely wounded.
The wight hits you from afar with a +3 halberd of freezing.
You die...

.####.....## #.# ##########
#..# .# #....## #.# #..#
.####.#.## #.# #..#
......#.######.######## #..#
.#####.#............... #..#
.# ##.######.######## #..#
.# ### #.# #..# .#
#######.######### #..# .#
........Y@....... ##.# ..
...####z######### #.# ##
#.#. #.# #############.#
#.#.# #.# #>.†...(......#
.... ..# #.###########.# #
#..# ### #.# #.# ..
##..#######.### #.#
#..#.............#########.#
#..............#...........#


You could see an ice beast and a wight.

Vanquished Creatures
  An acid dragon (D:6)
  Duvessa (D:4)
  2 black bears (D:5)
  An ice beast (D:5)
  A sky beast (D:6)
  A phantom (D:5)
  A kobold brigand (D:7)
  2 scorpions
  A wight (D:6)
  Dowan (D:4)
  A howler monkey (D:5)
  A jelly (D:6)
  2 hounds (D:5)
  2 orc priests (D:4)
  A sleepcap (D:5)
  8 iguanas
  3 orc wizards
  7 gnolls
  5 adders
  A worm (D:5)
  3 dart slugs
  12 orcs
  2 ball pythons
  7 bats
  8 endoplasms
  8 giant cockroaches
  9 hobgoblins
  10 jackals
  6 kobolds
  4 quokkas
  2 frilled lizards
  6 goblins
  7 rats
127 creatures vanquished.

Vanquished Creatures (others)
  An orc wizard (D:4)
1 creature vanquished.

Grand Total: 128 creatures vanquished

Notes
Turn   | Place    | Note
-------+----------+-------------------------------------------
     0 | D:1      | Capuchin the Minotaur Fighter began the quest for the Orb.
     0 | D:1      | Reached XP level 1. HP: 19/19 MP: 0/0
   239 | D:1      | Reached XP level 2. HP: 27/27 MP: 1/1
   444 | D:1      | Found a faded altar of an unknown god.
   524 | D:1      | Reached XP level 3. HP: 33/33 MP: 2/2
  1159 | D:3      | Reached XP level 4. HP: 16/40 MP: 3/3
  1252 | D:3      | Found a snail-covered altar of Cheibriados.
  1898 | D:2      | Found a hazy altar of Hepliaklqana.
  1906 | D:2      | Became a worshipper of Hepliaklqana the Forgotten
  2126 | D:4      | Reached XP level 5. HP: 25/46 MP: 4/4
  2748 | D:3      | Reached * piety under Hepliaklqana
  2871 | D:4      | Reached skill level 5 in Long Blades
  2873 | D:5      | Entered Level 5 of the Dungeon
  2873 | D:5      | Found a staircase to the Ecumenical Temple.
  2877 | Temple   | Entered the Ecumenical Temple
  2969 | D:5      | Reached XP level 6. HP: 47/47 MP: 5/5
  2975 | D:5      | Reached skill level 5 in Armour
  3232 | D:4      | Noticed Duvessa
  3242 | D:4      | Killed Duvessa
  3243 | D:4      | Found a bloodstained altar of Trog.
  3246 | D:4      | Noticed Dowan
  3255 | D:4      | Killed Dowan
  3260 | D:4      | Found a shimmering blue altar of Sif Muna.
  3265 | D:4      | Got Sif Muna's Compilation of Blight
  3350 | D:4      | Reached XP level 7. HP: 5/54 MP: 6/6
  3352 | D:4      | Reached skill level 5 in Shields
  4134 | D:5      | Found a sacrificial altar of Ru.
  4211 | D:5      | Found a blossoming altar of Fedhas.
  4309 | D:5      | Reached skill level 1 in Dodging
  4329 | D:5      | Found a hazy altar of Hepliaklqana.
  4331 | D:5      | Found a sparkling altar of Nemelex Xobeh.
  4344 | D:5      | Reached skill level 5 in Fighting
  4344 | D:5      | Reached skill level 1 in Maces & Flails
  4344 | D:5      | Reached XP level 8. HP: 36/61 MP: 7/7
  4465 | D:5      | Reached ** piety under Hepliaklqana
  5607 | D:6      | Reached skill level 5 in Maces & Flails
  5734 | D:6      | HP: 2/59 [ice beast (10)]
  5735 | D:6      | Slain by a wight

Illustrated notes

Levels and vault maps discovered:
D:1:      lemuel_arrival_funnel, layout_loops_ring,
          dreamdust_ecumenical_altar_sealed_demon
D:2:      layout_basic, basic_altar, minmay_misc_feat_diagonals,
          serial_park_tiny_1
D:3:      layout_basic, cheibriados_altar_1,
          nicolae_concentric_dashed_squares_mild
D:4:      layout_loops_ring, nzn_overflow_gifts_of_might_and_magic
D:5:      kb_forest_paths, layout_loops_cross, lemuel_tele_altar,
          nicolae_ru_sacrificial_ziggurat, mainiacjoe_overflow_catwalk_spiral,
          serial_bayou, serial_bayou_lake_a, serial_bayou_lagoon_a,
          serial_bayou_pond_a, serial_bayou_pond_e
D:6:      layout_loops_ring, chequers_serial_rivers_small_3
D:7:      layout_rooms, mainiacjoe_overflow_big_doors, dancing_weapons_uskayaw,
          serial_glass, glass_columns_a, glass_columns_a, glass_columns_a,
          glass_columns_b, glass_columns_c, glass_columns_b, uniq_maggie
Temple:   chequers_temple_sunken

Skill      XL: |  1  2  3  4  5  6  7  8 |
---------------+-------------------------+-----
Shields        | 4 5 |  5.7
Long Blades    | 3 4 5 6 7 |  7.9
Armour         | 4 5 7 |  7.6
Fighting       | 4 5 |  5.4
Dodging        | 1 |  1.1
Maces & Flails | 1 5 |  5.5
Stealth        | |  0.2

Action                     |  1- 3 |  4- 6 |  7- 9 || total
---------------------------+-------+-------+-------++-------
  Melee: Long sword        |   102 |   165 |    43 ||   310
         Headbutt          |    18 |    26 |    27 ||    71
         Flail             |       |       |   106 ||   106
    Use: Potion            |       |     1 |       ||     1
 Armour: Scale mail        |    78 |     3 |       ||    81
         Plate armour      |       |   144 |   156 ||   300
         Skin              |       |     1 |       ||     1
  Dodge: Dodged            |    41 |    63 |    48 ||   152
  Block: Buckler           |    23 |    33 |    38 ||    94

Table legend: (Time is in decaauts)
 A = Elapsed time spent in this place.
 B = Non-inter-level travel time spent in this place.
 C = Inter-level travel time spent in this place.
 D = Time resting spent in this place.
 E = Time spent auto-exploring this place.
 F = Levels seen in this place.
 G = Mean time per level.
                   A        B        C        D        E       F      G
               +--------+--------+--------+--------+--------+-----+--------+
         Total |   5911 |   5806 |    105 |    399 |   3940 |   8 |  738.9 |
       Dungeon |   5870 |   5765 |    105 |    399 |   3940 |   7 |  838.6 |
        Temple |     41 |     41 |      0 |      0 |      0 |   1 |   41.0 |
               +--------+--------+--------+--------+--------+-----+--------+

Top non-repeatable levels by time:
     D:5: 1571 daAuts
     D:3: 1206 daAuts
     D:4: 1056 daAuts
     D:1: 844 daAuts
     D:6: 601 daAuts
     D:2: 552 daAuts
  Temple: 41 daAuts
     D:7: 36 daAuts
